[Event "*** SCC Grand Prix: Titled Tuesday Blitz"]
[Site "Chess.com"]
[Date "2020.07.14"]
[Round "1"]
[White "Michaelson_11"]
[Black "chessablanca"]
[Result "0-1"]
[WhiteElo "2115"]
[BlackElo "2494"]
[TimeControl "180+1"]
[EndTime "10:05:45 PDT"]
[Termination "chessablanca won on time"]

1. e4 e5 2. Nf3 Nc6 3. Nc3 Nf6 4. Bb5 Be7 5. d4 Nxd4 6. Nxd4 exd4 7. Qxd4 a6 8. Be2 d6 9. Bg5 Be6 10. O-O h6 11. Be3 O-O 12. f4 b5 13. f5 Bc8 14.
Qd2 b4 15. Nd5 a5 16. Bf3 Bb7 17. c4 c6 18. Nxe7+ Qxe7 19. Rad1 Nxe4 20. Bxe4 Qxe4 21. Rf4 Qe7 22. f6 Qe5 23. fxg7 Rfe8 24. Bd4 Qg5 25. Be3 c5 26. g3 Qe5 0-1

[Event "*** SCC Grand Prix: Titled Tuesday Blitz"]
[Site "Chess.com"]
[Date "2020.07.14"]
[Round "1"]
[White "Kavyev_Ruslan"]
[Black "Evachess2006"]
[Result "1-0"]
[WhiteElo "2456"]
[BlackElo "1614"]
[TimeControl "180+1"]
[EndTime "10:05:45 PDT"]
[Termination "Kavyev_Ruslan won on time"]

1. d4 d5 2. c4 e6 3. g3 Nf6 4. Bg2 Bb4+ 5. Bd2 Bxd2+ 6. Nxd2 O-O 7.
Ngf3 c6 8. O-O Nbd7 9. Qc2 b6 10. e4 dxe4 11. Nxe4 Nxe4 12. Qxe4 Bb7 13. Ne5 Nxe5 14. dxe5 Qc7 15. Rfd1 Rad8 16. c5 bxc5 17. Qe3 Qb6 18. Qc3 Rxd1+ 19. Rxd1 Rd8 20. Rd6 Rxd6 21. exd6 Qd8 22.
Qxc5 Qd7 23. b4 Kf8 24. b5 cxb5 25. Bxb7 Qxb7 26. d7+ 1-0

[Event "*** SCC Grand Prix: Titled Tuesday Blitz"]
[Site "Chess.com"]
[Date "2020.07.14"]
[Round "1"]
[White "Juanovic"]
[Black "ChessicallyInclined"]
[Result "0-1"]
[WhiteElo "2092"]
[BlackElo "2483"]
[TimeControl "180+1"]
[EndTime "10:05:46 PDT"]
[Termination "ChessicallyInclined won by resignation"]

1. e4 c5 2. Nf3 Nc6 3. Nc3 e5 4. Bb5 d6 5. d3 Be7 6. h3 Nf6 7. Bg5 Nd7 8. Be3 O-O 9. O-O Nd4 10. Bc4 a6 11. a4 Rb8 12. Nd5 b5 13. Nxe7+ Qxe7 14. axb5 axb5 15. Bd5 Bb7 16. Bxb7 Rxb7 17. c3 Ne6 18. d4 cxd4 19. cxd4 exd4 20. Nxd4 Nec5 21.
f3 g6 22. Nc6 Qe6 23. b4 Na4 24.
Qd3 Ne5 25. Nxe5 dxe5 26. Rfd1 Nb2 27. Qd5 Nxd1 28. Qxe6 fxe6 29. Bc5 Rd8 0-1

[Event "*** SCC Grand Prix: Titled Tuesday Blitz"]
[Site "Chess.com"]
[Date "2020.07.14"]
[Round "1"]
[White "manitodeplomo"]
[Black "KingChess345"]
[Result "1-0"]
[WhiteElo "2514"]
[BlackElo "2160"]
[TimeControl "180+1"]
[EndTime "10:05:47 PDT"]
[Termination "manitodeplomo won on time"]

1. d4 Nf6 2. c4 e6 3. Nf3 Bb4+ 4. Nbd2 b6 5. g3 Bb7 6. Bg2 O-O 7. O-O Bxd2 8.
Qxd2 d6 9. b3 Qe7 10. Bb2 Be4 11. Rad1 Nbd7 12. Rfe1 Rad8 13. Bf1 e5 14. Nh4 Rfe8 15.
f3 Bb7 16. e4 a5 17. Nf5 Qf8 18. Bg2 g6 19. Nh6+ Kg7 20. g4 Ng8 21. Nxg8 Kxg8 22. f4 Nf6 23. h3 Qe7 24. Re2 h5 25. Bf3 Bc8 26. f5 hxg4 27. hxg4 Nh7 28. Bc1 Qf6 29.
g5 Qe7 30. f6 Qe6 31. Rh2 exd4 32. Qf4 Qe5 33. Qh4 1-0

[Event "*** SCC Grand Prix: Titled Tuesday Blitz"]
[Site "Chess.com"]
[Date "2020.07.14"]
[Round "1"]
[White "Oglob71"]
[Black "dodorox"]
[Result "1-0"]
[WhiteElo "2497"]
[BlackElo "2117"]
[TimeControl "180+1"]
[EndTime "10:05:47 PDT"]
[Termination "Oglob71 won on time"]

1. d4 Nf6 2. Nf3 e6 3. c4 d5 4. Bg5 Bb4+ 5. Nc3 h6 6. Bxf6 Qxf6 7. e3 O-O 8. Qc2 Rd8 9. a3 Bf8 10. Rd1 b6 11. cxd5 exd5 12. Be2 Bb7 13. O-O Nd7 14. b4 a6 15. Qb3 c6 16. Rd2 Re8 17. Rc1 Qd6 18. Bf1 Rac8 19. g3 Nf6 20. Bg2 Ne4 21. Rdc2 g6 22. Ne5 Nxc3 23. Rxc3 Bg7 24. Nd3 Re7 25.
a4 Rec7 26. a5 b5 27. Nc5 Bf8 28.
Qc2 Kg7 29. Bh3 Re8 30. Nxb7 Rxb7 31. Rxc6 Qxb4 32. Rxa6 Qa4 33. Qc6 Qa3 34. Rf1 Rbe7 35. Qxd5 b4 36. Rb6 Ra7 37. Rb5 Rea8 38. Qe5+ Kh7 39. Bg2 1-0

[Event "*** SCC Grand Prix: Titled Tuesday Blitz"]
[Site "Chess.com"]
[Date "2020.07.14"]
[Round "1"]
[White "Alberquintin"]
[Black "alexsergeyev"]
[Result "1-0"]
[WhiteElo "2683"]
[BlackElo "2339"]
[TimeControl "180+1"]
[EndTime "10:05:48 PDT"]
[Termination "Alberquintin won by resignation"]

1. c4 c6 2. d4 d5 3. cxd5 cxd5 4. Nc3 Nf6 5. Bf4 Nc6 6. e3 e6 7. Bd3 Bd6 8. Bxd6 Qxd6 9. f4 Bd7 10. Nf3 O-O-O 11. O-O Kb8 12. Rc1 Rc8 13. Ne5 Qe7 14. a3 Rhd8 15. b4 Be8 16. Na4 Nxe5 17. Rxc8+ Rxc8 18. fxe5 Nd7 19. Nc5 f5 20. exf6 gxf6 21. Qf3 f5 22. Qf4+ Ka8 23. Qh6 Nxc5 24. bxc5 b6 25. Ba6 Rc7 26. cxb6 axb6 27. Qf4 b5 28. Rb1 Rc3 29.
Bxb5 Bxb5 30. Rxb5 Qc7 31. Qxc7 Rxc7 32. Rb6 Re7 33.
a4 Ka7 34. a5 e5 35. Rd6 exd4 36. exd4 Re1+ 37. Kf2 1-0

[Event "*** SCC Grand Prix: Titled Tuesday Blitz"]
[Site "Chess.com"]
[Date "2020.07.14"]
[Round "1"]
[White "Tonychess32"]
[Black "Fortitudine"]
[Result "1-0"]
[WhiteElo "2593"]
[BlackElo "2285"]
[TimeControl "180+1"]
[EndTime "10:05:48 PDT"]
[Termination "Tonychess32 won on time"]

1. e4 c5 2. Nf3 d6 3. c3 Nf6 4. Bd3 g6 5. O-O Bg7 6. Re1 O-O 7. Bc2 Nc6 8. d3 b5 9. a4 b4 10. h3 a5 11. d4 bxc3 12. bxc3 cxd4 13. cxd4 Nb4 14. Nc3 Nxc2 15. Qxc2 Ba6 16. Nb5 Rc8 17. Qd3 Nd7 18. Bd2 Qb6 19. Rab1 e5 20. Be3 exd4 21. Bxd4 Nc5 22. Qa3 Bxd4 23. Nfxd4 Qd8 24. Nf3 Bb7 25. e5 dxe5 26. Nxe5 Qd5 27. f3 Ne6 28. Ng4 1-0

[Event "*** SCC Grand Prix: Titled Tuesday Blitz"]
[Site "Chess.com"]
[Date "2020.07.14"]
[Round "1"]
[White "Chessdreamer2020"]
[Black "Alindsay211"]
[Result "1-0"]
[WhiteElo "2616"]
[BlackElo "2303"]
[TimeControl "180+1"]
[EndTime "10:05:49 PDT"]
[Termination "Chessdreamer2020 won by resignation"]

1. e4 c5 2. Nf3 Nc6 3. Bb5 Nd4 4. Nxd4 cxd4 5. O-O a6 6. Bc4 b5 7. Bxf7+ Kxf7 8. Qh5+ g6 9. Qd5+ Kg7 10. Qxa8 e6 11.
a4 b4 12. Qb8 Nf6 13. d3 Be7 14. Bg5 h6 15. Bxf6+ Bxf6 16. Qxb4 Rf8 17. Nd2 d6 18.
Nc4 Be7 19. Qb6 e5 20. Qxd8 Rxd8 21. b4 Be6 22. b5 Rc8 23. bxa6 Ra8 24. Rfb1 Rxa6 25.
Rb7 Kf6 26. a5 Bd8 27. Rb8 Ke7 28. Nb6 Bc7 29. Rb7 Kd8 30. Nd5 Bxd5 31. exd5 Kc8 32.
Rb5 g5 33. g4 Kd7 34. Kg2 Ra8 35. a6 Kc8 36. Kf3 Kd7 37. Kg3 Kc8 38. h4 Kd7 39.
hxg5 hxg5 40. a7 Kc8 41. Ra6 Kd7 42. Rb1 Kc8 43. Ra4 Bd8 44. Kf3 Bc7 45. Ke4 Kd7 46.
Kf5 Bd8 47. Kg6 Kc8 48. Kf7 Kc7 49. Ke6 1-0

[Event "*** SCC Grand Prix: Titled Tuesday Blitz"]
[Site "Chess.com"]
[Date "2020.07.14"]
[Round "1"]
[White "deep306"]
[Black "Suleyman_Chess06"]
[Result "1-0"]
[WhiteElo "2611"]
[BlackElo "2303"]
[TimeControl "180+1"]
[EndTime "10:05:49 PDT"]
[Termination "deep306 won on time"]

1. d4 d5 2. c4 dxc4 3. e4 Nf6 4. e5 Nd5 5. Bxc4 Nb6 6. Bd3 Nc6 7. Ne2 e6 8. Nbc3 Be7 9. O-O O-O 10. Be3 Nb4 11.
Be4 N4d5 12. Qc2 h6 13. Nxd5 Nxd5 14. Bxd5 exd5 15. f4 g6 16. Ng3 Bh4 17. f5 Bxg3 18.
hxg3 Bxf5 19. Rxf5 gxf5 20. Bxh6 Qd7 21. Rf1 Qe6 22.
Bxf8 Kxf8 23. Rxf5 c6 24. Qf2 Ke8 25. Qf4 Rc8 26.
Rf6 Qe7 27. Qg4 Rc7 28. Rh6 1-0

[Event "*** SCC Grand Prix: Titled Tuesday Blitz"]
[Site "Chess.com"]
[Date "2020.07.14"]
[Round "1"]
[White "Raja3401"]
[Black "aa175"]
[Result "1-0"]
[WhiteElo "2779"]
[BlackElo "2400"]
[TimeControl "180+1"]
[EndTime "10:05:50 PDT"]
[Termination "Raja3401 won by resignation"]

1. e4 c5 2. Nf3 d6 3. d4 cxd4 4.
Nxd4 Nf6 5. Nc3 a6 6. Bg5 Nbd7 7. Qe2 h6 8. Bh4 e6 9. f4 g5 10. fxg5 hxg5 11. Bxg5 b5 12. O-O-O Bb7 13. g4 Rc8 14. h4 b4 15. Nd5 exd5 16. exd5+ Ne5 17. Bg2 Be7 18.
Nf5 Qa5 19. Kb1 Nxd5 20. Bxe7 Nc3+ 21. bxc3 bxc3 22. Ka1 Bxg2 23. Bxd6 Bd5 24. Qxe5+ Be6 25. Ng7+ Kd7 26. Qxa5 Rc5 1-0

[Event "*** SCC Grand Prix: Titled Tuesday Blitz"]
[Site "Chess.com"]
[Date "2020.07.14"]
[Round "1"]
[White "White_Ghost"]
[Black "crazychessbr"]
[Result "1-0"]
[WhiteElo "2476"]
[BlackElo "2064"]
[TimeControl "180+1"]
[EndTime "10:05:50 PDT"]
[Termination "White_Ghost won by resignation"]

1. d4 Nf6 2. c4 g6 3. g3 Bg7 4. Bg2 O-O 5. Nc3 d6 6. Nf3 Nc6 7. O-O e5 8. d5 Nb8 9. e4 a5 10. h3 Na6 11. Be3 Nc5 12. Qc2 b6 13. Nd2 Nh5 14.
Kh2 f5 15. exf5 gxf5 16. Qd1 Nf6 17. f4 e4 18. Qe2 Nd3 19. Rab1 Ba6 20. g4 fxg4 21.
Ncxe4 Nxe4 22. Bxe4 Nc5 23. Bxc5 bxc5 24. Qxg4 Bc8 25.
Qg3 Bf5 26. Rbe1 Qf6 27. b3 Qb2 28. Rf2 Bxe4 29. Nxe4 Qd4 30. Rd2 1-0

[Event "*** SCC Grand Prix: Titled Tuesday Blitz"]
[Site "Chess.com"]
[Date "2020.07.14"]
[Round "1"]
[White "Baronessa08"]
[Black "bascheyaro"]
[Result "0-1"]
[WhiteElo "2361"]
[BlackElo "2696"]
[TimeControl "180+1"]
[EndTime "10:05:51 PDT"]
[Termination "bascheyaro won by resignation"]

1. Nf3 d5 2. g3 Bf5 3. Bg2 e6 4. O-O Nf6 5. b3 c5 6. Bb2 Nc6 7. d3 Be7 8. Nbd2 O-O 9. Re1 d4 10. Nh4 Bg4 11. h3 Bh5 12. g4 Nd5 13. Nhf3 Bg6 14.
e3 dxe3 15. fxe3 Bf6 16. Bxf6 Qxf6 17. c4 Ndb4 18. Ne4 Bxe4 19. dxe4 Rad8 20. Qe2 Ne5 21. Rad1 Nxf3+ 22. Bxf3 Qe5 23. Kg2 g5 24. Rd2 Nc6 25.
Red1 Rxd2 26. Rxd2 Rd8 27. Qd1 Rxd2+ 28. Qxd2 h6 29. Qc2 Qa1 30. e5 Nb4 31. Qd2 Qxa2 32. Qxa2 Nxa2 33. Bxb7 Nc1 34. b4 cxb4 35. c5 b3 36. c6 b2 37. c7 b1=Q 38. c8=Q+ Kg7 39. Bf3 Qb2+ 40. Kg1 Nd3 0-1

[Event "*** SCC Grand Prix: Titled Tuesday Blitz"]
[Site "Chess.com"]
[Date "2020.07.14"]
[Round "1"]
[White "Matols"]
[Black "KNCP_719"]
[Result "0-1"]
[WhiteElo "2203"]
[BlackElo "2535"]
[TimeControl "180+1"]
[EndTime "10:05:52 PDT"]
[Termination "KNCP_719 won by resignation"]

1. d4 Nf6 2. c4 b6 3. Nc3 Bb7 4. e3 e6 5. Nge2 d5 6. cxd5 exd5 7. Nf4 Bd6 8. Nd3 O-O 9. Be2 c5 10. O-O Nc6 11. dxc5 bxc5 12. b3 d4 13. Nb5 Be7 14. exd4 a6 15. Na3 Nxd4 16. Bb2 Re8 17. Rc1 Qd5 18.
Nf4 Qg5 19. Bxd4 cxd4 20. Rc7 Qxf4 21. Rxb7 Bxa3 22. Bc4 Re7 23. Rxe7 Bxe7 24. Re1 Bc5 25. Qd3 Ng4 0-1

[Event "*** SCC Grand Prix: Titled Tuesday Blitz"]
[Site "Chess.com"]
[Date "2020.07.14"]
[Round "1"]
[White "yuliagok"]
[Black "ShahMatKanal"]
[Result "0-1"]
[WhiteElo "2101"]
[BlackElo "2487"]
[TimeControl "180+1"]
[EndTime "10:05:52 PDT"]
[Termination "ShahMatKanal won by resignation"]

1. d4 d5 2. c4 c6 3. cxd5 cxd5 4. Nc3 Nf6 5. Nf3 Nc6 6. Bf4 a6 7. e3 g6 8. Bd3 Bg7 9. O-O O-O 10. Rc1 Bd7 11.
Ne5 Rc8 12. Nxc6 Bxc6 13. b4 Nh5 14. Bg3 Nxg3 15. hxg3 e5 16. b5 axb5 17. Bxb5 exd4 18. Bxc6 dxc3 19. Bxd5 b5 20. Qb3 Qa5 21. Rfd1 b4 22.
f4 Qc5 23. Rd3 Rcd8 24. Kh2 Kh8 25. e4 g5 26. e5 Rd7 27. e6 fxe6 28. Bc4 Rxd3 29. Bxd3 gxf4 30. g4 f3 31. Qxe6 Qf2 32. Rc2 Qh4+ 0-1

[Event "*** SCC Grand Prix: Titled Tuesday Blitz"]
[Site "Chess.com"]
[Date "2020.07.14"]
[Round "1"]
[White "ljuks68"]
[Black "Guenplen"]
[Result "0-1"]
[WhiteElo "2432"]
[BlackElo "2898"]
[TimeControl "180+1"]
[EndTime "10:05:54 PDT"]
[Termination "Guenplen won on time"]

1. e4 c5 2. Nf3 e6 3. d4 cxd4 4. Nxd4 Nf6 5. Nc3 Nc6 6. Nxc6 bxc6 7. e5 Nd5 8. Ne4 Bb7 9. Be2 c5 10. c4 Ne3 11. Bxe3 Bxe4 12. O-O Qc7 13. f4 Qb7 14.
Bf3 Be7 15. Qd2 O-O 16. Rae1 Bxf3 17. Rxf3 Rad8 18. f5 exf5 19. Rxf5 d5 20. Qf2 dxc4 21. Rf1 Qd5 22. Qg3 Qe6 23. h4 Rd3 24. h5 Kh8 25. R1f3 Rxe3 26. h6 gxh6 0-1

[Event "*** SCC Grand Prix: Titled Tuesday Blitz"]
[Site "Chess.com"]
[Date "2020.07.14"]
[Round "1"]
[White "gixfantastix"]
[Black "SiddharthGMJagadeesh"]
[Result "0-1"]
[WhiteElo "2115"]
[BlackElo "2492"]
[TimeControl "180+1"]
[EndTime "10:05:55 PDT"]
[Termination "SiddharthGMJagadeesh won on time"]

1. d4 g6 2. Nc3 Bg7 3. h4 c5 4. d5 Nf6 5. e4 d6 6. Be2 h5 7.
Bg5 a6 8. a4 Ng4 9. Qd2 Qb6 10.
Rb1 Qb4 11. Bxg4 Bxg4 12. f3 Bd7 13. Nge2 Bxa4 14. O-O Bd7 15. Nf4 Qd4+ 16. Qf2 Qxf2+ 17. Kxf2 Bd4+ 18. Ke1 f6 19. Nxg6 Rg8 20. Nf4 fxg5 21. Nxh5 gxh4 22. Nf4 Be5 23. Nce2 Bb5 24. Rf2 Bxe2 25.
Nxe2 Nd7 26. b4 O-O-O 27. Kd2 Rdf8 28. Ng1 Bd4 29. Re2 Bxg1 30. Rxg1 Ne5 31. c3 Nxf3+ 32. gxf3 Rxg1 0-1

[Event "*** SCC Grand Prix: Titled Tuesday Blitz"]
[Site "Chess.com"]
[Date "2020.07.14"]
[Round "1"]
[White "Tolya2"]
[Black "Joshukid"]
[Result "0-1"]
[WhiteElo "2386"]
[BlackElo "2732"]
[TimeControl "180+1"]
[EndTime "10:05:56 PDT"]
[Termination "Joshukid won by resignation"]

1. Nf3 Nf6 2. d4 d5 3. c4 e6 4. e3 a6 5. a3 dxc4 6. Bxc4 b5 7. Be2 Bb7 8. O-O Nbd7 9. b4 Bd6 10. Nbd2 O-O 11.
Bb2 Qe7 12. Nb3 Rfd8 13. Na5 Bd5 14. Rc1 e5 15. dxe5 Nxe5 16. Nxe5 Bxe5 17. Bxe5 Qxe5 18.
Bf3 Bc4 19. Qc2 Bxf1 20. Bxa8 Bd3 21. Qc3 Qxc3 22. Rxc3 Be4 23. f3 Bxa8 24. Rxc7 Nd5 25. Ra7 Nxe3 26. Kf2 Nc4 27. Rxa6 Nxa5 28. Rxa5 Rb8 29.
Ke3 Bd5 30. Kd4 Bb3 31. g4 g5 32. Ke5 Kg7 33. Ra6 h6 34. h3 Bc4 35. f4 Re8+ 36. Kd4 gxf4 37. a4 f3 38. axb5 Bxb5 39. Ra2 Be2 40.
b5 f2 41. b6 f1=Q 0-1

[Event "*** SCC Grand Prix: Titled Tuesday Blitz"]
[Site "Chess.com"]
[Date "2020.07.14"]
[Round "1"]
[White "ClassyEl"]
[Black "Shivagami"]
[Result "1-0"]
[WhiteElo "2548"]
[BlackElo "2217"]
[TimeControl "180+1"]
[EndTime "10:05:56 PDT"]
[Termination "ClassyEl won by resignation"]

1. d4 Nf6 2. Bg5 Ne4 3. Bf4 c5 4. f3 Nf6 5. dxc5 Qa5+ 6. Nc3 Qxc5 7. e4 Nc6 8. Qd2 d6 9. g4 g6 10. Nge2 Bg7 11. h4 O-O 12. Ng3 a6 13. h5 Be6 14.
Be2 Qb4 15. O-O-O Na5 16. Bh6 Bc4 17. Bxg7 Bxe2 18. a3 Qb6 19. Bxf6 Nc4 20. Nd5 exf6 21. Nxb6 Nxd2 22. Rxd2 Bxf3 23. Rf1 1-0

[Event "*** SCC Grand Prix: Titled Tuesday Blitz"]
[Site "Chess.com"]
[Date "2020.07.14"]
[Round "1"]
[White "sergeikim"]
[Black "Maghalashvili"]
[Result "0-1"]
[WhiteElo "2396"]
[BlackElo "2765"]
[TimeControl "180+1"]
[EndTime "10:05:57 PDT"]
[Termination "Maghalashvili won by resignation"]

1. d4 Nf6 2. c4 e6 3. Nc3 Bb4 4. Qc2 O-O 5. a3 Bxc3+ 6. Qxc3 d5 7. Nf3 dxc4 8. Qxc4 b6 9. g3 Ba6 10. Qc2 Nbd7 11.
Qc6 Rb8 12. Bg2 Bb7 13. Qa4 Ra8 14. O-O c5 15. Rd1 Qe7 16. Bg5 Rfd8 17. Rac1 h6 18. Bf4 Nd5 19. Ne5 Nxf4 20. Bxb7 Nxe2+ 21. Kf1 Nxe5 22. Bxa8 Nxc1 23. dxe5 Rxa8 24. Rxc1 Rd8 25. Qe4 Qd7 26.
b4 Qd5 27. Qxd5 Rxd5 28. f4 g5 29. bxc5 bxc5 30. Ke2 gxf4 31. gxf4 Kg7 32. Ke3 Kg6 33. Rg1+ Kf5 34. Rg7 Rd7 35. Rh7 c4 36. Rh8 Rd3+ 37. Ke2 Kxf4 38. Rxh6 Kxe5 0-1

[Event "*** SCC Grand Prix: Titled Tuesday Blitz"]
[Site "Chess.com"]
[Date "2020.07.14"]
[Round "1"]
[White "DariaVoit"]
[Black "tamarozi99"]
[Result "1-0"]
[WhiteElo "2468"]
[BlackElo "2001"]
[TimeControl "180+1"]
[EndTime "10:05:57 PDT"]
[Termination "DariaVoit won by resignation"]

1. d4 Nf6 2. Nf3 g6 3. c4 Bg7 4. Nc3 O-O 5. Bg5 d6 6. e3 Nbd7 7. h3 b6 8. Bd3 Bb7 9. O-O h6 10. Bh4 a5 11. d5 Nc5 12. Bc2 e5 13. dxe6 Nxe6 14. Nd4 Nc5 15. f3 Qd7 16. Qd2 a4 17. Rad1 Rfe8 18. e4 Ba6 19. b3 axb3 20. axb3 Ne6 21.
Nde2 g5 22. Bf2 Nh5 23. Nd5 Bb7 24. Ne3 Nef4 25. Nxf4 Nxf4 26. Nf5 Bf8 27. Kh2 Bc8 28. g3 Ng6 29. Bd4 Qd8 30. Qc3 Bxf5 31. exf5 Ne5 32. f4 gxf4 33. gxf4 Nc6 34. Rg1+ Kh7 35. f6+ Kh8 36.
Qd3 1-0

[Event "*** SCC Grand Prix: Titled Tuesday Blitz"]
[Site "Chess.com"]
[Date "2020.07.14"]
[Round "1"]
[White "mishanick"]
[Black "Orest_Vovk"]
[Result "1-0"]
[WhiteElo "2845"]
[BlackElo "2420"]
[TimeControl "180+1"]
[EndTime "10:05:58 PDT"]
[Termination "mishanick won by checkmate"]

1. d4 h6 2. c4 g5 3. Nc3 Bg7 4. e4 c5 5. d5 Bxc3+ 6. bxc3 d6 7. f4 Qa5 8. Qc2 Nf6 9. Bd3 Rg8 10. Nf3 Bg4 11. e5 Bxf3 12. gxf3 Nh5 13. fxg5 hxg5 14. e6 Nf4 15. exf7+ Kxf7 16. Bf5 Kf6 17. Bxf4 gxf4 18.
Be6 Rg5 19. h4 Re5+ 20. Kf2 Nc6 21. Rhg1 Rxe6 22. Qg6+ Ke5 23. Qxe6# 1-0

[Event "*** SCC Grand Prix: Titled Tuesday Blitz"]
[Site "Chess.com"]
[Date "2020.07.14"]
[Round "1"]
[White "Phriex"]
[Black "Twitch_ElhamBlitz05"]
[Result "0-1"]
[WhiteElo "2401"]
[BlackElo "2786"]
[TimeControl "180+1"]
[EndTime "10:05:58 PDT"]
[Termination "Twitch_ElhamBlitz05 won by resignation"]

1. d4 Nf6 2. c4 e6 3. Nc3 d5 4. cxd5 exd5 5. Bg5 c6 6. e3 Bd6 7. Bd3 O-O 8. Nf3 h6 9. Bh4 Re8 10. O-O a5 11. Rb1 Na6 12. a3 Nc7 13. Bg3 Ne6 14.
Bxd6 Qxd6 15. b4 axb4 16. axb4 Ng5 17. Nxg5 hxg5 18. b5 g6 19. bxc6 bxc6 20. Qc2 Kg7 21. e4 dxe4 22. Nxe4 Nxe4 23. Bxe4 Qxd4 24. Rfe1 Be6 25.
Qxc6 Rac8 26. Qb5 Bc4 27. Qb7 Qe5 28. Re3 Rb8 29. Qc6 Qd4 30. Rbe1 Re6 31. Qa4 Rbe8 32.
Qa3 Rxe4 0-1

[Event "*** SCC Grand Prix: Titled Tuesday Blitz"]
[Site "Chess.com"]
[Date "2020.07.14"]
[Round "1"]
[White "keshka01"]
[Black "hongnhung1234"]
[Result "1-0"]
[WhiteElo "2562"]
[BlackElo "2230"]
[TimeControl "180+1"]
[EndTime "10:05:58 PDT"]
[Termination "keshka01 won by resignation"]

1. e4 c5 2. Nf3 e6 3. d4 cxd4 4. Nxd4 Nc6 5. Nc3 Qc7 6. Be3 a6 7. Qf3 d6 8. O-O-O Nf6 9. Qg3 Bd7 10. f4 b5 11. Nxc6 Bxc6 12. e5 Ne4 13. Nxe4 Bxe4 14.
Bd3 Bxd3 15. Rxd3 dxe5 16. fxe5 Rc8 17. Rc3 Qb7 18. Rxc8+ Qxc8 19. Rd1 Rg8 20. Bg5 f6 21. Qd3 Be7 22. Qxh7 Kf8 23. exf6 gxf6 24. Bh6+ 1-0

[Event "*** SCC Grand Prix: Titled Tuesday Blitz"]
[Site "Chess.com"]
[Date "2020.07.14"]
[Round "1"]
[White "MisiekZielony"]
[Black "Titus369"]
[Result "0-1"]
[WhiteElo "2201"]
[BlackElo "2530"]
[TimeControl "180+1"]
[EndTime "10:05:58 PDT"]
[Termination "Titus369 won by checkmate"]

1. c4 e6 2. Nc3 d5 3. d4 Nf6 4. cxd5 exd5 5. Bg5 Be7 6. Qc2 c6 7. e3 Nbd7 8. Bd3 Nh5 9. Bxe7 Qxe7 10. Nge2 g6 11.
O-O-O Nb6 12. h3 Ng7 13. Kb1 Bf5 14. Ka1 Bxd3 15. Qxd3 Nf5 16. g3 O-O-O 17. h4 h5 18. Qc2 Rhe8 19. Nf4 Kb8 20. Nd3 Nc4 21. Rhe1 Qc7 22. Qc1 Ka8 23. b3 Ncd6 24. Nxd5 Qa5 25. Nc3 Nh6 26. Ne5 Rc8 27. e4 c5 28. Qxh6 Qxc3+ 29.
Kb1 cxd4 30. f3 Nb5 31. Rc1 Na3# 0-1

[Event "*** SCC Grand Prix: Titled Tuesday Blitz"]
[Site "Chess.com"]
[Date "2020.07.14"]
[Round "1"]
[White "ARMQUEEN"]
[Black "kirillshevchenko"]
[Result "0-1"]
[WhiteElo "2435"]
[BlackElo "2934"]
[TimeControl "180+1"]
[EndTime "10:05:59 PDT"]
[Termination "kirillshevchenko won by resignation"]

1. e4 c5 2. Nc3 d6 3. d4 cxd4 4. Qxd4 Nc6 5. Qd2 g6 6. b3 Bh6 7. f4 Nf6 8. Bb2 O-O 9. Nge2 e5 10.
O-O-O Nd4 11. Kb1 Bg4 12. g3 d5 13. Nxd5 Nxd5 14. exd5 Qxd5 15. Bxd4 exd4 16. Rg1 Rfe8 17. h3 Bf3 18. Rc1 Bg7 19. f5 d3 20. cxd3 Bxe2 21.
Bxe2 Qe5 22. Bf3 Rac8 23. Rxc8 Rxc8 24. d4 Qxf5+ 25. Kb2 Qxf3 26. Re1 Rd8 0-1

[Event "*** SCC Grand Prix: Titled Tuesday Blitz"]
[Site "Chess.com"]
[Date "2020.07.14"]
[Round "1"]
[White "Aguiar94"]
[Black "BabyBoss31"]
[Result "1-0"]
[WhiteElo "2542"]
[BlackElo "2210"]
[TimeControl "180+1"]
[EndTime "10:05:59 PDT"]
[Termination "Aguiar94 won by resignation"]

1. e4 c6 2. d4 d5 3. e5 c5 4. dxc5 Nc6 5. a3 Nxe5 6. b4 Nf6 7. Bb2 Ng6 8. Nf3 e6 9. h4 h5 10. Nbd2 Be7 11. g3 Bd7 12. Bd3 Nf8 13. Ne5 Rc8 14. O-O a6 15. Re1 Bc6 16. Ndf3 Ng8 17. Nd4 Bd7 18. Qf3 Nf6 19. Re2 g6 20. Rd1 Rg8 21. c4 dxc4 22. Bxc4 Qc7 23. Qf4 Ng4 1-0

[Event "*** SCC Grand Prix: Titled Tuesday Blitz"]
[Site "Chess.com"]
[Date "2020.07.14"]
[Round "1"]
[White "picturesquecheck"]
[Black "Legendinunknown"]
[Result "0-1"]
[WhiteElo "2216"]
[BlackElo "2547"]
[TimeControl "180+1"]
[EndTime "10:06:01 PDT"]
[Termination "Legendinunknown won by checkmate"]

1. e4 c5 2. Nf3 d6 3. d4 cxd4 4. Nxd4 Nf6 5. Nc3 Nc6 6. Bg5 e6 7. Qd2 a6 8. O-O-O Bd7 9. f4 Qc7 10. Be2 Be7 11. Kb1 O-O-O 12. Rhe1 Kb8 13. Bf3 h6 14.
Bxf6 gxf6 15. Nxc6+ Bxc6 16. f5 Qa5 17. Qf2 Qe5 18.
h3 Rc8 19. Qd4 h5 20. Ne2 Rc7 21. Qxe5 dxe5 22. Ng3 h4 23. Nf1 exf5 24. exf5 Bxf3 25. gxf3 Bc5 26. Nh2 Rh5 27. Re4 Rxf5 28. Rxh4 Be3 29. Re4 Bf4 30. Ng4 Rh5 31. Nxf6 Rxh3 32. Nd5 Rd7 33. c4 Rxf3 34. Rh1 Ka7 35. b3 Rf2 36. Nxf4 exf4 37. Rh4 Rd1# 0-1

[Event "*** SCC Grand Prix: Titled Tuesday Blitz"]
[Site "Chess.com"]
[Date "2020.07.14"]
[Round "1"]
[White "GM_Levan_Pantsulaia"]
[Black "MasterKroket"]
[Result "1-0"]
[WhiteElo "2828"]
[BlackElo "2418"]
[TimeControl "180+1"]
[EndTime "10:06:02 PDT"]
[Termination "GM_Levan_Pantsulaia won by resignation"]

1. Nf3 Nf6 2. g3 b6 3. Bg2 Bb7 4. O-O e6 5. d3 Be7 6. e4 d6 7. Re1 Nbd7 8. c4 c5 9. Nc3 O-O 10. d4 cxd4 11. Nxd4 Qb8 12. b3 a6 13. Bb2 Rd8 14. Rc1 Nf8 15. Qe2 Qa7 16. Red1 Rac8 17. h3 Qa8 18. Kh2 N8d7 19. f4 Bf8 20. Re1 Nc5 21. Rcd1 Re8 22. Nc2 Rcd8 23. g4 Rd7 24. b4 Ncxe4 25. Nxe4 Nxe4 26. Bxe4 d5 27. cxd5 exd5 28. Bxh7+ Kxh7 29. Qxe8 1-0

[Event "*** SCC Grand Prix: Titled Tuesday Blitz"]
[Site "Chess.com"]
[Date "2020.07.14"]
[Round "1"]
[White "MFguimaraes"]
[Black "Volodar_Murzin"]
[Result "0-1"]
[WhiteElo "2372"]
[BlackElo "2706"]
[TimeControl "180+1"]
[EndTime "10:06:03 PDT"]
[Termination "Volodar_Murzin won by resignation"]

1. e4 c6 2. d4 d5 3. Nd2 dxe4 4. Nxe4 Bf5 5. Ng3 Bg6 6. Nf3 Nd7 7. Bd3 Bxd3 8. Qxd3 Ngf6 9. Bf4 e6 10. O-O Be7 11.
Rfe1 O-O 12. Rad1 Qa5 13. a3 Rfe8 14. Bd2 Qb5 15. c4 Qxb2 16. Rb1 Qxa3 17. Rb3 Qa6 18. Reb1 b6 19. Qc2 Qb7 20. Bf4 a5 21. Ne5 a4 22. R3b2 a3 23. Ra2 c5 24. dxc5 Bxc5 25. Nd3 Bf8 26. c5 Rec8 27. Qb3 Nxc5 28. Nxc5 Bxc5 29.
Be5 Ng4 30. Bxg7 Kxg7 31. Nh5+ Kh8 32. Rf1 Rg8 33. Qc3+ e5 34. h3 Bd4 35. Qg3 Nxf2 0-1

[Event "*** SCC Grand Prix: Titled Tuesday Blitz"]
[Site "Chess.com"]
[Date "2020.07.14"]
[Round "1"]
[White "andy_rekt"]
[Black "mitrabhaa"]
[Result "0-1"]
[WhiteElo "2296"]
[BlackElo "2602"]
[TimeControl "180+1"]
[EndTime "10:06:03 PDT"]
[Termination "mitrabhaa won by resignation"]

1. d4 Nf6 2. c4 e6 3. Nc3 Bb4 4. e3 O-O 5. Ne2 d5 6. a3 Be7 7. cxd5 exd5 8. Nf4 c6 9. Bd3 Bd6 10. O-O a5 11. f3 Na6 12. Bc2 Re8 13. e4 dxe4 14. fxe4 Bg4 15. Qd3 Qb6 16. Be3 Rad8 17. h3 Bxf4 18. Rxf4 Bh5 19. Kh1 Bg6 20. Raf1 Nd5 21.
Nxd5 cxd5 22. Qe2 Qxb2 23. Rb1 Qxa3 24. e5 Bxc2 25. Bc1 Qd3 26. Qxd3 Bxd3 27. Rxb7 Bg6 28. Ra7 Nb4 29. Rxa5 Nd3 30. Rf1 Ra8 31. Rxd5 Ra1 0-1